 Dungeon Crawl Stone Soup version 0.20-a0-1006-ge6c5631 (webtiles) character file.

135 FastMan the Shield-Bearer (level 5, 42/42 HPs)
             Began as a Formicid Fighter on Apr 14, 2017.
             Was a Follower of Kikubaaqudgha.
             Quit the game on level 3 of the Dungeon.
             The game lasted 00:01:21 (1867 turns).

FastMan the Shield-Bearer (Formicid Fighter)        Turns: 1867, Time: 00:01:21

Health: 42/42      AC:  9    Str: 20    XL:     5   Next: 42%
Magic:  5/5        EV:  6    Int:  8    God:    Kikubaaqudgha [*.....]
Gold:   171        SH:  9    Dex: 11    Spells: 4/4 levels left

rFire    + . .     SeeInvis +   a - +0 war axe
rCold    . . .     Gourm    .   c - +0 shield
rNeg     . . .     Faith    .   g - +0 chain mail
rPois    .         Spirit   .   (helmet unavailable)
rElec    .         Reflect  .   (no cloak)
rCorr    .         Harm     .   (no gloves)
MR       .....                  (no boots)
Stlth    ..........             (no amulet)
Regen    0.2/turn               (no ring)
MPRegen  0.1/turn               n - ring of protection from fire

@: no status effects
A: permanent stasis, dig shafts and tunnels, four strong arms, antennae 3
a: Dig, Shaft Self, Receive Corpses, Renounce Religion


You were on level 3 of the Dungeon.
You worshipped Kikubaaqudgha.
Kikubaaqudgha was aware of your devotion.
You were not hungry.

You visited 1 branch of the dungeon, and saw 3 of its levels.

You collected 171 gold pieces.

Inventory:

Hand Weapons
 a - a +0 war axe (weapon)
Armour
 b - a +0 scale mail
 c - a +0 shield (worn)
 g - a +0 chain mail (worn)
Jewellery
 n - a ring of protection from fire (right hand)
Scrolls
 i - 3 scrolls of teleportation {unknown}
 j - a scroll of fear {unknown}
 l - a scroll of magic mapping {unknown}
 o - 5 scrolls of identify {unknown}
 p - 2 scrolls of amnesia {unknown}
 s - a scroll of remove curse {unknown}
Potions
 d - 2 potions of might {@q4}
 e - a potion of invisibility {unknown}
 m - a potion of haste {unknown}
 r - a potion of curing {unknown}
Comestibles
 f - a bread ration {@e1}
 h - 2 royal jellies {@e3}
 k - 2 meat rations {@e2}
 q - 14 chunks of flesh


   Skills:
 + Level 3.8 Fighting
 * Level 3.6 Axes
 + Level 4.1 Armour
 + Level 4.6 Shields


You had 4 spell levels left.
You didn't know any spells.

Dungeon Overview and Level Annotations

Branches:
Dungeon (3/15)

Altars:
Kikubaaqudgha
Ru


Innate Abilities, Weirdness & Mutations

You cannot be hasted, slowed, berserked, paralysed or teleported.
You can dig through walls and to a lower floor.
Your four strong arms can wield two-handed weapons with a shield.
You have a pair of large antennae on your head. (SInv)


Message History

No target in view!
No target in view!
No target in view!
You butcher the rat corpse.
q - 14 chunks of flesh (gained 1)
Found a leather armour.
No target in view!
No target in view!
There is a faded altar of an unknown god here.
You cannot tell which god this altar belongs to.
Convert to them anyway?
Okay, then.
You cannot tell which god this altar belongs to.
Convert to them anyway?
Kikubaaqudgha accepts your prayer! Kikubaaqudgha welcomes you!
You can now receive cadavers from Kikubaaqudgha.
You see here Kikubaaqudgha's Handbook of Sinister Rituals.
Kikubaaqudgha grants you a gift!
Unknown command.
Press < or > to pray at altars.
Are you sure you want to abandon this character and quit the game? (Confirm with "yes".)

.# .### .[.#
#### #.#.#
##... ....#
#....#....#
#...#.#...#
##[.#.@.#.#
......#.#..#
###....#...#
#........#
#######.##
#.# #.#
#)######
#......#


There were no monsters in sight!

Vanquished Creatures
  An orc priest (D:3)
  An orc wizard (D:3)
  2 adders (D:2)
  2 worms
  3 orcs (D:3)
  A giant cockroach (D:3)
  7 goblins
  10 hobgoblins
  5 jackals
  3 kobolds
  2 ball pythons
  5 bats
  6 rats
48 creatures vanquished.

Notes
Turn   | Place    | Note
-------+----------+-------------------------------------------
     0 | D:1      | FastMan the Formicid Fighter began the quest for the Orb.
     0 | D:1      | Reached XP level 1. HP: 18/18 MP: 1/1
     6 | D:1      | Noticed a crocodile
     6 | D:1      | Noticed a rime drake
     6 | D:1      | Noticed a black bear
     6 | D:1      | Noticed a swamp worm
    74 | D:1      | Reached XP level 2. HP: 17/24 MP: 2/2
   458 | D:1      | Reached XP level 3. HP: 29/29 MP: 3/3
   761 | D:2      | Found a sacrificial altar of Ru.
  1220 | D:2      | Reached XP level 4. HP: 35/35 MP: 4/4
  1558 | D:3      | Reached XP level 5. HP: 28/42 MP: 5/5
  1855 | D:3      | Found a faded altar of an unknown god.
  1866 | D:3      | Became a worshipper of Kikubaaqudgha
  1866 | D:3      | Reached * piety under Kikubaaqudgha
  1866 | D:3      | Identified Kikubaaqudgha's Handbook of Sinister Rituals (Kikubaaqudgha gifted it to you on level 3 of the Dungeon)
  1866 | D:3      | Received a gift from Kikubaaqudgha
  1867 | D:3      | Quit the game

Vault maps used:
D:1:      onia_arrival_zoo_common
D:2:      nicolae_ru_path_of_blood
D:3:      nemelex_xobeh_ov_fountains_minmay,
          chequers_ecumenical_altar_simple_redux

Skill      XL: |  1  2  3  4 |
---------------+-------------+-----
Shields        | 4 |  4.6
Axes           | 3 |  3.6
Armour         | 4 |  4.1
Fighting       | |  3.8

Action                   |  1- 3 |  4- 6 || total
-------------------------+-------+-------++-------
Melee: War axe           |    84 |    83 ||   167
  Eat: Chunk             |       |     3 ||     3
Armor: Scale mail        |    34 |       ||    34
       Chain mail        |     1 |    29 ||    30
Dodge: Dodged            |    42 |    20 ||    62
Block: Shield            |    50 |    45 ||    95
